 Dungeon Crawl Stone Soup version 0.30-a0-719-gcc4359ea44 (webtiles) character file.

Game seed: 6607282898311837066

14 Arximoufas the Digger (level 2, 0/19 HPs)
             Began as a Formicid Earth Elementalist on Jan 26, 2023.
             Slain by an orc
             ... wielding a +0 dagger
              (3 damage)
             ... on level 2 of the Dungeon.
             The game lasted 00:04:54 (1487 turns).

Arximoufas the Digger (Formicid Earth Elementalist) Turns: 1487, Time: 00:04:54

Health: 0/19       AC:  2    Str: 12    XL:     2   Next: 55%
Magic:  2/5        EV: 12    Int: 14    God:
Gold:   38         SH:  0    Dex: 14    Spells: 0/5 levels left

rFire   . . .      SeeInvis +    f - +0 dagger
rCold   . . .      Faith    .    (no shield)
rNeg    . . .      Spirit   .    a - +0 robe
rPois   .          Reflect  .    (helmet unavailable)
rElec   .          Harm     .    (no cloak)
rCorr   .          Rampage  .    (no gloves)
Will    .....                    (no boots)
Stlth   ++                       (no amulet)
HPRegen 0.23/turn                (no ring)
MPRegen 0.09/turn                (no ring)

@: no status effects
A: permanent stasis, dig shafts and tunnels, antennae 3, four strong arms
a: Dig, Shaft Self


You were on level 2 of the Dungeon.
You visited 1 branch of the dungeon, and saw 3 of its levels.

You collected 38 gold pieces.

Inventory:

Hand Weapons
 f - a +0 dagger (weapon)
Missiles
 i - a throwing net
 k - 4 atropa-tipped darts
Armour
 a - a +0 robe (worn)
 e - a +0 ring mail
Scrolls
 j - a scroll of poison {unknown}
 l - a scroll of fog {unknown}
Potions
 c - 2 potions of might {unknown}
 d - 2 potions of heal wounds {unknown}
 g - a potion of invisibility {unknown}
 h - a potion of curing {unknown}


   Skills:
 - Level 1.7 Dodging
 + Level 3.0 Stealth
 - Level 2.1 Spellcasting
 + Level 1.7 Transmutations
 + Level 3.9 Earth Magic


You couldn't memorise any spells.
You knew the following spells:

 Your Spells              Type           Power      Damage    Failure   Level
a - Sandblast             Erth           24%        2d8       4%          1
b - Poisonous Vapours     Pois/Air       2%         N/A       34%         2
c - Passwall              Tmut/Erth      7%         N/A       11%         2

Your spell library contained the following spells:

 Spells                   Type           Power      Damage    Failure   Level
 Sting                    Tmut/Pois      12%        1d3       17%         1
 Stone Arrow              Conj/Erth      14%        3d7       30%         3
 Petrify                  Tmut/Erth      9%         N/A       58%         4
 Olgreb's Toxic Radiance  Pois           1%         N/A       93%         4


Dungeon Overview and Level Annotations

Branches:
Dungeon (3/15)

Altars:
Kikubaaqudgha

Annotations:
D:2 Jessica


Innate Abilities, Weirdness & Mutations

You cannot be hasted, slowed, berserked, paralysed or teleported.
You can dig through walls and to a lower floor.
You have a pair of large antennae on your head. (SInv)
Your four strong arms can wield two-handed weapons with a shield.


Message History

Press: ? - help, Q - select action, (/) - cycle Shift-Dir - straight line, f/p - orc
Aim: an orc, wielding a +0 dagger and wearing a +0 chain mail (87% to hit)
You miscast Sandblast.
You are very lightly contaminated with residual magic.
Nothing appears to happen.
The orc closely misses you.
Aiming: Sandblast (safe; 4% risk of failure)
Press: ? - help, Q - select action, (/) - cycle Shift-Dir - straight line, f/p - orc
Aim: an orc, wielding a +0 dagger and wearing a +0 chain mail (87% to hit)
The blast of sand hits the orc but does no damage.
The orc completely misses you. The orc barely misses you.
Aiming: Sandblast (safe; 4% risk of failure)
Press: ? - help, Q - select action, (/) - cycle Shift-Dir - straight line, f/p - orc
Aim: an orc, wielding a +0 dagger and wearing a +0 chain mail (87% to hit)
The blast of sand misses the orc.
The orc hits you but does no damage.
You don't have enough magic to cast this spell.
You don't have enough magic to cast this spell.
Your magical contamination has completely faded away.
Things that are here:
a +0 dagger; a kobold skeleton The orc attacks as you move away!
The orc hits you with a +0 dagger.
* * * LOW HITPOINT WARNING * * *
The orc attacks as you move away! The orc closely misses you.
The orc attacks as you move away! The orc hits you but does no damage.
The orc attacks as you move away! The orc hits you with a +0 dagger.
* * * LOW HITPOINT WARNING * * *
There is an open door here.
The orc attacks as you move away! The orc barely misses you.
The orc attacks as you move away! The orc hits you with a +0 dagger.
* * * LOW HITPOINT WARNING * * *
The orc attacks as you move away! The orc hits you with a +0 dagger.
* * * LOW HITPOINT WARNING * * *
Aiming: Sandblast (safe; 4% risk of failure)
Press: ? - help, Q - select action, (/) - cycle Shift-Dir - straight line, f/p - orc
Aim: an orc, wielding a +0 dagger and wearing a +0 chain mail (87% to hit)
The blast of sand hits the orc but does no damage.
The orc barely misses you. The orc closely misses you.
The orc attacks as you move away! The orc hits you with a +0 dagger.
You die...

#####.#....# ##
#.....#....# #
#.....#....########
#.....#....'......#
#.#####....###..#.#
#.# #....#......#
#.#####...........#
#.......###.o._...#
############@....##
#..........#
###........###
#........###
#........#
#........#
########.# #.# #.#


You could see an orc.

Vanquished Creatures
  A dart slug (D:1)
  An orc (D:3)
  3 endoplasms
  A goblin (D:2)
  2 kobolds
  A bat (D:1)
  A rat (D:1)
10 creatures vanquished.

Notes
Turn   | Place    | Note
-------+----------+-------------------------------------------
     0 | D:1      | Arximoufas the Formicid Earth Elementalist began the quest
                  | for the Orb.
     0 | D:1      | Reached XP level 1. HP: 13/13 MP: 3/3
   367 | D:1      | Reached XP level 2. HP: 19/19 MP: 3/5
   599 | D:1      | Learned a level 2 spell: Poisonous Vapours
   602 | D:1      | Learned a level 2 spell: Passwall
  1013 | D:2      | Found an ancient bone altar of Kikubaaqudgha.
  1219 | D:2      | Noticed Jessica
  1487 | D:2      | Slain by an orc

Illustrated notes

Levels and vault maps discovered:
D:1:      dpeg_arrival_shrine, layout_loops_corners
D:2:      layout_basic, serial_shops, nicolae_shop_bloodbath_and_beyond,
          basic_altar, uniq_jessica, uniq_robin
D:3:      layout_basic, overflow_temple_1_default,
          shapermc_ecumenical_altar_mp_urbaneastern, minivault_24, st_stairs_13,
          serial_park_tiny_pond

Skill      XL: |  1  2 |
---------------+-------+-----
Stealth        | 3 |  3.0
Dodging        | |  1.7
Spellcasting   | |  2.1
Transmutations | |  1.7
Earth Magic    | |  3.9

Action                     || total
---------------------------++-------
   Cast: Sandblast         ||    23
    Use: Potion            ||     1
 Armour: Robe              ||     6
  Dodge: Dodged            ||    13

Table legend: (Time is in decaauts)
 A = Elapsed time spent in this place.
 B = Non-inter-level travel time spent in this place.
 C = Inter-level travel time spent in this place.
 D = Time resting spent in this place.
 E = Time spent auto-exploring this place.
 F = Levels seen in this place.
 G = Mean time per level.
                   A        B        C        D        E       F      G
               +--------+--------+--------+--------+--------+-----+--------+
         Total |   1498 |   1486 |     12 |     19 |   1150 |   3 |  499.3 |
       Dungeon |   1498 |   1486 |     12 |     19 |   1150 |   3 |  499.3 |
               +--------+--------+--------+--------+--------+-----+--------+

Top non-repeatable levels by time:
     D:1: 910 daAuts
     D:2: 511 daAuts
     D:3: 77 daAuts
